 Dungeon Crawl Stone Soup version 0.30-a0-743-gbfdf073431 (webtiles) character file.

Game seed: 3946587331383059055

153 M4edhros the Insei (level 5, -6/33 HPs)
             Began as an Octopode Transmuter on Feb 5, 2023.
             Mangled by Svetislav95's ghost (16 damage)
             ... on level 4 of the Dungeon.
             The game lasted 00:02:56 (601 turns).

M4edhros the Insei (Octopode Transmuter)             Turns: 601, Time: 00:02:57

Health: -6/33      AC:  1    Str:  9    XL:     5   Next: 35%
Magic:  8/8        EV: 13    Int: 16    God:
Gold:   68         SH:  0    Dex: 14    Spells: 4/8 levels left

rFire   . . .      SeeInvis .      - Unarmed
rCold   . . .      Faith    .    (no shield)
rNeg    . . .      Spirit   .    (helmet restricted)
rPois   .          Reflect  .    (no amulet)
rElec   .          Harm     .    (no ring)
rCorr   .          Rampage  .    (no ring)
Will    .....                    (no ring)
Stlth   ++                       (no ring)
HPRegen 0.25/turn                (no ring)
MPRegen 0.11/turn                (no ring)
                                 (no ring)
                                 (no ring)

@: mighty
A: almost no armour, amphibious, 8 rings, camouflage 1, gelatinous body 1,
(nimble swimmer 1), tentacles
a: no special abilities


You were on level 4 of the Dungeon.
You visited 1 branch of the dungeon, and saw 5 of its levels.

You collected 68 gold pieces.

Inventory:

Scrolls
 d - a scroll of identify {unknown}
Potions
 c - a potion of invisibility {unknown}
 e - 2 potions of haste {unknown}
 f - a potion of curing {unknown}


   Skills:
 - Level 1.0 Fighting
 - Level 2.0 Dodging
 + Level 4.3 Unarmed Combat
 - Level 2.0 Spellcasting
 + Level 3.6 Transmutations
 + Level 2.5 Poison Magic


You had 4 spell levels left.
You knew the following spells:

 Your Spells              Type           Power      Damage    Failure   Level
a - Beastly Appendage     Tmut           26%        N/A       4%          1
b - Spider Form           Tmut/Pois      11%        N/A       17%         3

Your spell library contained the following spells:

 Spells                   Type           Power      Damage    Failure   Level
 Wereblood                Tmut           13%        N/A       7%          2
 Ice Form                 Ice/Tmut       7%         N/A       69%         4
 Alistair's Intoxication  Tmut/Pois      7%         N/A       85%         5
 Borgnjor's Vile Clutch   Necr/Erth      0%         N/A       99%         5
 Eringya's Noxious Bog    Tmut/Pois      5%         N/A       100%        6


Dungeon Overview and Level Annotations

Branches:
Dungeon (5/15)
 Temple: D:4-7

Altars:

Annotations:
D:4 Duvessa; Svetislav95's ghost, amateur HOFi
D:5 Edmund


Innate Abilities, Weirdness & Mutations

You cannot wear most types of armour.
You are amphibious.
You can wear up to eight rings at the same time.
Your skin changes colour to match your surroundings (Stealth+).
Your rubbery body absorbs attacks. (AC +1, EV +1)
((You are camouflaged when in or above water. (Stealth+)))
You have tentacles for arms and can constrict up to eight enemies at once.


Message History

The lemure shouts!
You hear a shout!
Found a scroll labelled PAOFOU YPSA.
There is a transporter here.
Unknown command.
You enter the transporter and appear at another place.
A wyvern zombie comes into view.
Found a fuming silvery potion and 11 gold pieces.
You aren't carrying any items that you can evoke.
Okay, then.
Unknown command.
Unknown command.
Unknown command.
Unknown command.
It was a potion of might.
You feel very mighty all of a sudden.
You bludgeon the wyvern zombie!
The wyvern zombie is lightly damaged.
The wyvern zombie completely misses you.
Unknown command.
You bludgeon the wyvern zombie!
The wyvern zombie is heavily damaged.
The wyvern zombie barely misses you.
The wyvern zombie completely misses you.
Unknown command.
You barely miss the wyvern zombie. Your squeeze misses the wyvern zombie.
The wyvern zombie is heavily damaged.
The wyvern zombie misses you.
Unknown command.
You barely miss the wyvern zombie. You squeeze the wyvern zombie.
The wyvern zombie is severely damaged.
Svetislav95's ghost closely misses you. The wyvern zombie closely misses you.
Unknown command.
You bludgeon the wyvern zombie!
The wyvern zombie is almost destroyed.
Svetislav95's ghost hits you. The wyvern zombie bites you!
Unknown command.
You barely miss the wyvern zombie. You squeeze the wyvern zombie.
The wyvern zombie is almost destroyed.
The wyvern zombie bites you. Svetislav95's ghost hits you!
You die...

#.#######........§......?
...........#############.
###.....)..#...........
....##.....#.........Z.#
######..#..#..##...##..#
#..#..#..#8..[8#..#
#..#..#..##...##..#
######..#..#....W©.....#
...........#..##@..##..#
#######.#..# #8Z..8# #
##...## ### ...... ..#
..$!$... #.# #########
#.# ..©.. ... #.#####
...... .. .......


You could see Svetislav95's ghost and a wyvern zombie.

Vanquished Creatures
  A black bear (D:4)
  4 adders
  An orc (D:3)
  3 endoplasms (D:4)
  2 giant cockroaches
  3 goblins
  4 bats
  4 kobolds
  A rat (D:3)
23 creatures vanquished.

Notes
Turn   | Place    | Note
-------+----------+-------------------------------------------
     0 | D:1      | M4edhros the Octopode Transmuter began the quest for the
                  | Orb.
     0 | D:1      | Reached XP level 1. HP: 13/13 MP: 3/3
    74 | D:2      | Reached XP level 2. HP: 18/18 MP: 5/5
   133 | D:2      | Reached XP level 3. HP: 17/23 MP: 6/6
   137 | D:2      | Learned a level 3 spell: Spider Form
   327 | D:4      | Noticed a black bear
   335 | D:4      | Killed a black bear
   336 | D:4      | Reached skill level 4 in Unarmed Combat
   336 | D:4      | Reached XP level 4. HP: 28/28 MP: 7/7
   336 | D:4      | Reached XP level 5. HP: 33/33 MP: 8/8
   392 | D:4      | Noticed Duvessa
   561 | D:5      | Entered Level 5 of the Dungeon
   561 | D:5      | Noticed Edmund
   585 | D:4      | Found a transporter.
   589 | D:4      | Noticed Svetislav95's ghost (amateur HOFi)
   590 | D:4      | Noticed a lemure
   601 | D:4      | Mangled by Svetislav95's ghost

Illustrated notes

Levels and vault maps discovered:
D:1:      lemuel_arrival_behind_the_door_large, layout_basic
D:2:      layout_loops_corners, basic_altar, amethyst_killhole
D:3:      layout_rooms, st_stairs_9
D:4:      layout_loops_ring, serial_shops, shop, gammafunk_ghost_mausoleum,
          minmay_misc_feat_tiny, uniq_duvessa, uniq_pikel
D:5:      layout_basic, minmay_temple_entry_enclosed_plants,
          kennysheep_flooded_box, uniq_edmund, uniq_menkaure

Skill      XL: |  1  2  3 |
---------------+----------+-----
Unarmed Combat | 4 |  4.3
Transmutations | 3 |  3.6
Poison Magic   | 2 |  2.5
Fighting       | |  1.0
Dodging        | |  2.0
Spellcasting   | |  2.0

Action                     |  1- 3 |  4- 6 || total
---------------------------+-------+-------++-------
  Melee: Unarmed           |    37 |    34 ||    71
         Constrict         |     7 |     3 ||    10
         Tentacles         |     2 |     8 ||    10
         Punch             |     2 |     1 ||     3
   Cast: Spider Form       |       |     2 ||     2
    Use: Potion            |     1 |     1 ||     2
   Stab: Sleeping          |     3 |     2 ||     5
 Armour: Skin              |    18 |     4 ||    22
  Dodge: Dodged            |    21 |    24 ||    45

Table legend: (Time is in decaauts)
 A = Elapsed time spent in this place.
 B = Non-inter-level travel time spent in this place.
 C = Inter-level travel time spent in this place.
 D = Time resting spent in this place.
 E = Time spent auto-exploring this place.
 F = Levels seen in this place.
 G = Mean time per level.
                   A        B        C        D        E       F      G
               +--------+--------+--------+--------+--------+-----+--------+
         Total |    595 |    584 |     11 |     29 |     61 |   5 |  119.0 |
       Dungeon |    595 |    584 |     11 |     29 |     61 |   5 |  119.0 |
               +--------+--------+--------+--------+--------+-----+--------+

Top non-repeatable levels by time:
     D:3: 191 daAuts
     D:2: 179 daAuts
     D:4: 156 daAuts
     D:1: 66 daAuts
     D:5: 1 daAuts
